 Dungeon Crawl Stone Soup version 0.26-a0-651-gb41185065b (webtiles) character file.

Game seed: 5265018030945135261

329 Lugonue the Insei (level 6, -3/70 HPs)
             Began as a Gnoll Transmuter on Sept 30, 2020.
             Killed from afar by an orc wizard (15 damage)
             ... with a puff of flame
             ... on level 4 of the Dungeon.
             The game lasted 00:05:31 (3133 turns).

Lugonue the Insei (Gnoll Transmuter)                Turns: 3133, Time: 00:05:32

Health: -3/70      AC: 23    Str: 15    XL:     6   Next: 51%
Magic:  14/14      EV:  2    Int: 15    God:
Gold:   157        SH:  5    Dex: 21    Spells: 14/15 levels left

rFire    . . .     SeeInvis .   o - +1 dagger (venom)
rCold    . . .     Faith    .   (no shield)
rNeg     + + +     Spirit   .   (armour currently unavailable)
rPois    +         Reflect  +   (helmet currently unavailable)
rElec    .         Harm     .   (cloak currently unavailable)
rCorr    +         Rampage  .   (gloves currently unavailable)
MR       .....     NoTele   +   (boots currently unavailable)
Stlth    ++........             r - amulet of reflection
HPRegen  0.21/turn              k - ring of resist corrosion
MPRegen  0.14/turn              t - +6 ring of dexterity

@: lethally poisoned (-3 -> -5), tree-form
A: distributed training, strong nose
a: no special abilities


You were on level 4 of the Dungeon.
You were a tree.
You visited 1 branch of the dungeon, and saw 4 of its levels.

You collected 157 gold pieces.

Inventory:

Hand Weapons
 g - a +0 dagger of pain
 o - a +1 dagger of venom (weapon)
Armour
 c - a +0 helmet (melded)
 i - a +0 ring mail (melded)
 l - a scarf of repulsion (melded)
 s - a +0 pair of boots (melded)
Jewellery
 f - an uncursed amulet of faith
 k - a ring of resist corrosion (left branch)
 r - an amulet of reflection (around neck)
 t - a +6 ring of dexterity (right branch)
Scrolls
 a - 2 scrolls of immolation {unknown}
 d - 2 scrolls of teleportation {unknown}
 e - 3 scrolls of magic mapping {unknown}
 h - 2 scrolls of remove curse {unknown}
 j - 4 scrolls of enchant weapon {unknown}
 p - a scroll of blinking {unknown}
 q - a scroll of fog {unknown}
 u - a scroll of identify {unknown}
Potions
 b - 2 potions of berserk rage
 m - 3 potions of stabbing


   Skills:
 + Level 3.2 Fighting
 + Level 2.0 Short Blades
 + Level 2.0 Long Blades
 + Level 2.0 Axes
 + Level 2.0 Maces & Flails
 + Level 2.0 Polearms
 + Level 2.0 Staves
 + Level 2.0 Slings
 + Level 2.0 Bows
 + Level 2.0 Crossbows
 + Level 2.0 Throwing
 + Level 2.0 Armour
 + Level 5.0 Dodging
 + Level 2.0 Stealth
 + Level 2.0 Shields
 + Level 6.8 Unarmed Combat
 + Level 5.4 Spellcasting
 + Level 1.5 Conjurations
 + Level 1.5 Hexes
 + Level 1.5 Summonings
 + Level 1.5 Necromancy
 + Level 1.5 Translocations
 + Level 4.1 Transmutations
 + Level 1.5 Fire Magic
 + Level 1.5 Ice Magic
 + Level 1.5 Air Magic
 + Level 1.5 Earth Magic
 + Level 1.5 Poison Magic
 + Level 2.2 Invocations
 + Level 2.0 Evocations


You had 14 spell levels left.
You knew the following spells:

 Your Spells              Type           Power        Failure   Level
a - Beastly Appendage     Tmut           ###...       3%          1

Your spell library contained the following spells:

 Spells                   Type           Power        Failure   Level
 Wereblood                Tmut           ###.....     4%          2
 Spider Form              Tmut/Pois      ##........   14%         3
 Ice Form                 Ice/Tmut       ##......     43%         4
 Blade Hands              Tmut           ###.......   63%         5


Dungeon Overview and Level Annotations

Branches:
Dungeon (4/15)
 Temple: D:4-7

Altars:


Innate Abilities, Weirdness & Mutations

Your experience applies equally to all skills.
((You have very sharp teeth.))
Your uncanny sense of smell can sniff out nearby items.


Message History

The orc wizard hits you but does no damage.
The hound skeleton bites you.
* * * LOW HITPOINT WARNING * * *
You are too injured to fight recklessly!
You are too injured to fight recklessly!
You are too injured to fight recklessly!
Unknown command.
You completely miss the orc wizard.
The orc wizard is heavily wounded.
The orc wizard hits you but does no damage.
You block the hound skeleton's attack.
The orc wizard hits you but does no damage.
You closely miss the orc wizard.
You punch the orc wizard, but do no damage.
The orc wizard is heavily wounded.
You feel sick. The hound skeleton bites you.
* * * LOW HITPOINT WARNING * * *
The orc wizard gestures at you while chanting.
The puff of flame hits you!
You die...

#.... ∆ #..(#
.## ∆ #...# ...
#...# ....
#...# .....
#... #.....
#..##...<
#.♣#..# #Zo<.#
)......)...# ∆
##.##..........
# #..........
#..........
#..........
#....##....
....## ..##


You could see an orc wizard (fast, extremely poisoned) and a hound skeleton.

Vanquished Creatures
  An orc wizard (D:3)
  3 orc priests
  A hound (D:4)
  A worker ant (D:4)
  5 adders
  2 worms (D:2)
  A dart slug (D:3)
  3 leopard geckos (D:3)
  16 orcs
  4 ball pythons
  3 giant cockroaches
  9 goblins
  7 hobgoblins
  11 kobolds
  3 quokkas
  12 bats
  4 frilled lizards
  7 rats
93 creatures vanquished.

Notes
Turn   | Place    | Note
-------+----------+-------------------------------------------
     0 | D:1      | Lugonue the Gnoll Transmuter began the quest for the Orb.
     0 | D:1      | Reached XP level 1. HP: 17/17 MP: 6/6
    42 | D:1      | Reached XP level 2. HP: 9/23 MP: 7/7
   761 | D:1      | Reached XP level 3. HP: 21/28 MP: 9/9
   872 | D:1      | Reached skill level 5 in Spellcasting
  1220 | D:2      | Reached skill level 1 in Invocations
  1326 | D:2      | Reached skill level 1 in Short Blades
  1326 | D:2      | Reached skill level 1 in Long Blades
  1326 | D:2      | Reached skill level 1 in Axes
  1326 | D:2      | Reached skill level 1 in Maces & Flails
  1326 | D:2      | Reached skill level 1 in Polearms
  1326 | D:2      | Reached skill level 1 in Staves
  1326 | D:2      | Reached skill level 1 in Slings
  1326 | D:2      | Reached skill level 1 in Bows
  1326 | D:2      | Reached skill level 1 in Crossbows
  1326 | D:2      | Reached skill level 1 in Throwing
  1326 | D:2      | Reached skill level 1 in Armour
  1326 | D:2      | Reached skill level 1 in Stealth
  1326 | D:2      | Reached skill level 1 in Shields
  1326 | D:2      | Reached skill level 1 in Evocations
  1328 | D:2      | Reached XP level 4. HP: 14/34 MP: 11/11
  1934 | D:2      | Reached skill level 1 in Conjurations
  1934 | D:2      | Reached skill level 1 in Hexes
  1934 | D:2      | Reached skill level 1 in Summonings
  1934 | D:2      | Reached skill level 1 in Necromancy
  1934 | D:2      | Reached skill level 1 in Translocations
  1934 | D:2      | Reached skill level 1 in Fire Magic
  1934 | D:2      | Reached skill level 1 in Ice Magic
  1934 | D:2      | Reached skill level 1 in Air Magic
  1934 | D:2      | Reached skill level 1 in Earth Magic
  1934 | D:2      | Reached skill level 1 in Poison Magic
  2401 | D:3      | Reached XP level 5. HP: 35/40 MP: 12/12
  3111 | D:4      | Reached XP level 6. HP: 30/47 MP: 13/13
  3123 | D:4      | Reached skill level 5 in Dodging
  3133 | D:4      | Killed from afar by an orc wizard

Illustrated notes

Levels and vault maps discovered:
D:1:      scummos_arrival_simple_fountains, layout_rooms
D:2:      layout_basic, kennysheep_cluttered_room, kennysheep_generic_room_14
D:3:      layout_basic
D:4:      layout_cave_pools, kennysheep_generic_room_5

Skill      XL: |  1  2  3  4  5  6 |
---------------+-------------------+-----
Spellcasting   | 5 |  5.4
Invocations    | 1 2 |  2.2
Short Blades   | 1 2 |  2.0
Long Blades    | 1 2 |  2.0
Axes           | 1 2 |  2.0
Maces & Flails | 1 2 |  2.0
Polearms       | 1 2 |  2.0
Staves         | 1 2 |  2.0
Slings         | 1 2 |  2.0
Bows           | 1 2 |  2.0
Crossbows      | 1 2 |  2.0
Throwing       | 1 2 |  2.0
Armour         | 1 2 |  2.0
Stealth        | 1 2 |  2.0
Shields        | 1 2 |  2.0
Evocations     | 1 2 |  2.0
Conjurations   | 1 |  1.5
Hexes          | 1 |  1.5
Summonings     | 1 |  1.5
Necromancy     | 1 |  1.5
Translocations | 1 |  1.5
Fire Magic     | 1 |  1.5
Ice Magic      | 1 |  1.5
Air Magic      | 1 |  1.5
Earth Magic    | 1 |  1.5
Poison Magic   | 1 |  1.5
Fighting       | 3 |  3.2
Transmutations | 4 |  4.1
Dodging        | 5 |  5.0
Unarmed Combat | |  6.8

Action                   |  1- 3 |  4- 6 || total
-------------------------+-------+-------++-------
Melee: Unarmed           |    40 |       ||    40
       Kick              |     7 |     9 ||    16
       Dagger            |    83 |   208 ||   291
       Bite              |     8 |    24 ||    32
       Punch             |     3 |     6 ||     9
       Headbutt          |     5 |     6 ||    11
 Cast: Beastly Appendage |     9 |     5 ||    14
  Use: Potion            |     1 |     3 ||     4
       Scroll            |       |     1 ||     1
 Stab: Sleeping          |     5 |       ||     5
Armor: Robe              |    29 |       ||    29
       Ring mail         |       |    61 ||    61
       Skin              |       |    14 ||    14
Dodge: Dodged            |   131 |   154 ||   285
       Repelled          |       |     1 ||     1
Block: Other             |       |    35 ||    35

Table legend: (Time is in decaauts)
 A = Elapsed time spent in this place.
 B = Non-inter-level travel time spent in this place.
 C = Inter-level travel time spent in this place.
 D = Time resting spent in this place.
 E = Time spent auto-exploring this place.
 F = Levels seen in this place.
 G = Mean time per level.
                   A        B        C        D        E       F      G
               +--------+--------+--------+--------+--------+-----+--------+
         Total |   3119 |   3011 |    108 |    258 |   1964 |   4 |  779.8 |
       Dungeon |   3119 |   3011 |    108 |    258 |   1964 |   4 |  779.8 |
               +--------+--------+--------+--------+--------+-----+--------+

Top non-repeatable levels by time:
     D:1: 1526 daAuts
     D:3: 858 daAuts
     D:2: 699 daAuts
     D:4: 34 daAuts
